 Dungeon Crawl Stone Soup version 0.19-a0-1311-gdcfd90a (webtiles) character file.

582 Proton the Skirmisher (level 7, -2/64 HPs)
             Began as a Naga Fighter on Aug 31, 2016.
             Killed from afar by an orc wizard (8 damage)
             ... with a puff of flame
             ... on level 4 of the Dungeon.
             The game lasted 00:06:34 (3220 turns).

Proton the Skirmisher (Naga Fighter)                Turns: 3220, Time: 00:06:35

Health: -2/64      AC:  8    Str: 20    XL:     7   Next: 36%
Magic:  7/7        EV:  8    Int:  8    God:
Gold:   145        SH:  9    Dex: 11    Spells: 0 memorised, 6 levels left

rFire  . . .     SeeInvis +     u - +2 flail (venom)
rCold  + . .     Gourm    .     v - +2 ring mail {rC+}
rNeg   . . .     Faith    .     c - +0 shield
rPois  +         Spirit   .     (no helmet)
rElec  .         Dismiss  .     (no cloak)
rCorr  .         Reflect  .     s - +0 pair of gloves
MR     .....     Harm     .     (no barding)
Stlth  +.........               (no amulet)
                                (no ring)
                                (no ring)

@: very slow
A: see invisible, deformed body, poison resistance, slowness 2, slow metabolism
1, spit poison 2, AC +2
a: Spit Poison


You were on level 4 of the Dungeon.
You were not hungry.

You visited 1 branch of the dungeon, and saw 4 of its levels.

You collected 145 gold pieces.

Inventory:

Hand Weapons
 u - a +2 flail of venom (weapon)
Armour
 c - a +0 shield (worn)
 s - a +0 pair of gloves (worn)
 v - a +2 ring mail of cold resistance (worn)
Scrolls
 e - 2 scrolls of amnesia {unknown}
 h - 2 scrolls of noise {unknown}
 j - a scroll of blinking {unknown}
 l - 3 scrolls of identify {unknown}
 n - a scroll of remove curse {unknown}
 o - a scroll of fog {unknown}
 p - 2 scrolls of magic mapping {unknown}
 r - 2 scrolls of recharging {unknown}
 t - a scroll of random uselessness {unknown}
 w - a scroll of teleportation {unknown}
Potions
 b - a potion of agility {unknown}
 d - 2 potions of might
 i - a potion of lignification
Comestibles
 a - 2 meat rations
 f - 3 bread rations
 g - 2 beef jerkies
 q - a royal jelly
 x - a slice of pizza
 z - 3 chunks of flesh


   Skills:
 + Level 4.2 Fighting
 + Level 4.0 Maces & Flails
 + Level 3.5 Armour
 + Level 2.7 Dodging
 + Level 3.8 Shields


You had 6 spell levels left.
You didn't know any spells.

Dungeon Overview and Level Annotations

Branches:
Dungeon (4/15)
 Temple: D:4-7

Altars:


Innate Abilities, Weirdness & Mutations

You cannot wear boots.
Your serpentine skin is tough. (AC +2)
You have supernaturally acute eyesight. (SInv)
Armour fits poorly on your strangely shaped body.
Your system is resistant to poisons. (rPois)
You cover ground very slowly.
You have a slow metabolism.
You can spit poison.


Message History

You feel less resistant to cold.
Your roots penetrate the ground.
You feel sick.
The orc wizard looks more healthy.
You block the orc's attack.
The orc wizard hits you with a dagger of venom.
* * * LOW HITPOINT WARNING * * *
You are lethally poisoned!
It was a potion of cancellation.
Your magical effects are unravelling.
You feel magically purged.
* * * LOW HITPOINT WARNING * * *
You feel sick. You block the orc wizard's attack.
The orc hits you with a flail.
* * * LOW HITPOINT WARNING * * *
It was a potion of curing.
You feel better.
You feel less woody.
Your +0 pair of gloves unmelds from your body.
Your +2 ring mail of cold resistance unmelds from your body.
You feel resistant to cold.
The orc wizard gestures at you while chanting.
The puff of flame hits you!
You die...

#...........# #...........#
####...........###########
###.............##.........#
.......#...#...............# o
.##....##..................# ..
................)..........#
...
###...#..####...)..........#...
#....##.# #...@)..............
##....##..#
#(..oo........##.... ......#
#.# #.>.................
#.##### .#
#........รท))........ #.#
#..........))........ ..#
#.........)[......... ........
..................... ..##..##
.###.#...........%.... #... ##
#.#.............###


You could see an orc wizard (invisible) and an orc.

Vanquished Creatures
  A big kobold (D:4)
  3 hounds
  2 orc priests (D:4)
  Jessica (D:2)
  5 orc wizards
  3 gnolls (D:3)
  6 adders
  An ooze (D:1)
  A worm (D:3)
  2 dart slugs
  A giant gecko (D:2)
  16 orcs
  4 giant cockroaches
  4 goblins
  7 hobgoblins
  14 jackals
  A quokka (D:3)
  2 ball pythons
  5 bats
  3 giant newts
  7 kobolds
  14 rats
103 creatures vanquished.

Notes
Turn   | Place    | Note
-------+----------+-------------------------------------------
     0 | D:1      | Proton the Naga Fighter began the quest for the Orb.
     0 | D:1      | Reached XP level 1. HP: 21/21 MP: 1/1
    69 | D:1      | Reached XP level 2. HP: 20/28 MP: 2/2
   627 | D:2      | Reached XP level 3. HP: 34/34 MP: 3/3
   985 | D:2      | Reached skill level 1 in Dodging
   985 | D:2      | Reached XP level 4. HP: 15/42 MP: 4/4
  1387 | D:2      | Noticed Jessica
  1389 | D:2      | Killed Jessica
  1701 | D:2      | Reached XP level 5. HP: 48/49 MP: 5/5
  2595 | D:3      | Reached XP level 6. HP: 57/57 MP: 6/6
  3093 | D:4      | Reached XP level 7. HP: 56/64 MP: 7/7
  3219 | D:4      | HP: 4/96 [poisoned by an orc wizard]
  3220 | D:4      | Killed from afar by an orc wizard

Vault maps used:
D:1:      onia_arrival_mini_spirals, roderic_serpentine_path
D:2:      kennysheep_doodads, uniq_jessica
D:3:      kennysheep_potato
D:4:      first_bread

Skill      XL: |  1  2  3  4  5  6  7 |
---------------+----------------------+-----
Dodging        | 1 2 |  2.7
Shields        | 3 |  3.8
Maces & Flails | 3 4 |  4.0
Armour         | 3 |  3.5
Fighting       | 4 |  4.2

Action                   |  1- 3 |  4- 6 |  7- 9 || total
-------------------------+-------+-------+-------++-------
Melee: Flail             |   139 |   210 |    32 ||   381
 Abil: Spit Poison       |     2 |     9 |     3 ||    14
  Use: Potion            |       |       |     3 ||     3
  Eat: Chunk             |       |     7 |       ||     7
Armor: Scale mail        |    57 |    61 |       ||   118
       Ring mail         |       |    52 |    25 ||    77
Dodge: Dodged            |    34 |    61 |    12 ||   107
Block: Shield            |    91 |   100 |    27 ||   218
